AoeStats
← Horizon

Black Forest

508263349Analyzed
4v4 RM · 11d ago on Sep 21, 2026· 44m 1s· 8 players
Game mode
Random Map
Map size
Large (8 player)
Population
200
Speed
Normal
Resources
Standard
Victory
Conquest
Starting age
Dark Age
Ending age
Imperial Age
RankedLock teamsTeams togetherTeam positionsShared explorationLock speedFull tech treeHidden civsTurbo modeCheats
Victory
Defeat
🇨🇳 Huns · China
1519
+14
🇮🇳 Mongols · India
1445
+17
🇪🇸 Berbers · Spain
1407
+18
🇵🇪 Khmer · Peru
1401
+18
🇵🇰 Teutons · Pakistan
1491
-18
🇫🇷 Magyars · France
1475
-17
🇩🇪 Celts · Germany
1459
-17
🇩🇪 Bohemians · Germany
1418
-15
Bizzy
0:33 Loom
12:57 Feudal Age
16:39 Castle Age
15:11 Double-Bit Axe
15:38 Gold Mining
16:01 Fishing Lines
23:53 Stone Mining
27:37 Imperial Age
25:46 Bow Saw
26:32 Treadmill Crane
26:51 Horse Collar
28:44 Scale Mail Armor
30:11 Chain Mail Armor
31:48 Siege Engineers
33:55 Plate Mail Armor
36:24 Masonry
36:24 Heavy Plow
38:43 Wheelbarrow
39:20 Fortified Wall
39:47 Forging
40:43 Hand Cart
40:13 Town Watch
Svodoo
4:09 Loom
11:44 Feudal Age
18:40 Castle Age
17:00 Double-Bit Axe
17:42 Fishing Lines
19:37 Bow Saw
20:42 Gillnets
21:09 Scale Barding Armor
22:28 Gold Mining
24:14 Husbandry
25:03 Wheelbarrow
24:16 Town Watch
25:40 Horse Collar
28:01 Heavy Plow
29:02 Bloodlines
31:51 Imperial Age
29:42 Hand Cart
30:38 Chain Barding Armor
32:29 Cavalier
33:46 Plate Barding Armor
34:45 Conscription
34:38 Paladin
37:39 Caravan
38:47 Coinage
Erg_Raider
11:18 Feudal Age
15:03 Castle Age
13:31 Double-Bit Axe
13:27 Horse Collar
16:12 Bow Saw
16:06 Heavy Plow
17:12 Loom
18:59 Fervor
20:23 Wheelbarrow
21:45 Hand Cart
26:15 Chemistry
29:21 Imperial Age
30:20 Padded Archer Armor
30:20 Scale Mail Armor
30:31 Forging
29:42 Pikeman
30:22 Squires
31:32 Siege Engineers
31:37 Masonry
32:33 Two-Man Saw
31:38 Town Watch
32:10 Leather Archer Armor
33:17 Wagenburg Tactics
33:33 Conscription
33:23 Elite Skirmisher
34:03 Halberdier
35:08 Caravan
36:04 Chain Mail Armor
36:20 Ring Archer Armor
36:59 Scale Barding Armor
37:27 Plate Mail Armor
38:03 Houfnice
40:19 Iron Casting
39:34 Fletching
42:07 Fortified Wall
42:18 Ballistics
43:23 Blast Furnace
42:19 Bodkin Arrow
Horizon
0:43 Loom
13:22 Feudal Age
17:02 Castle Age
15:02 Double-Bit Axe
18:03 Bow Saw
25:43 Horse Collar
32:00 Imperial Age
30:53 Wheelbarrow
30:03 Town Watch
30:07 Fishing Lines
30:35 Scale Mail Armor
31:59 Gold Mining
31:59 Stone Mining
32:41 Masonry
33:46 Chemistry
32:22 Pikeman
33:03 Squires
33:19 Chain Mail Armor
33:15 Forging
33:13 Gillnets
33:10 Halberdier
35:39 Plate Mail Armor
35:48 Conscription
36:28 Iron Casting
36:57 Caravan
38:04 Onager
Álvaro de Bazán
0:35 Loom
11:50 Feudal Age
17:28 Castle Age
15:42 Double-Bit Axe
18:21 Bow Saw
19:52 Fletching
23:01 Town Watch
23:21 Bodkin Arrow
33:32 Padded Archer Armor
38:00 Imperial Age
36:22 Wheelbarrow
38:58 Bracer
41:12 Chemistry
41:10 Leather Archer Armor
42:36 Ring Archer Armor
43:15 Bloodlines
43:05 Husbandry
44:08 Ballistics
白心悠哉
11:00 Feudal Age
14:38 Castle Age
12:26 Double-Bit Axe
12:33 Horse Collar
15:29 Bow Saw
16:20 Loom
20:12 Loom
22:42 Wheelbarrow
22:38 Heavy Plow
22:56 Gold Mining
24:02 Hand Cart
24:52 Gold Shaft Mining
25:43 Stone Mining
28:53 Imperial Age
26:10 Loom
26:32 Scale Barding Armor
27:05 Forging
27:35 Chain Barding Armor
27:57 Husbandry
28:07 Bloodlines
27:55 Town Watch
28:34 Ballistics
29:39 Iron Casting
30:15 Plate Barding Armor
29:05 Cavalier
30:22 Plate Barding Armor
30:12 Conscription
30:18 Paladin
31:59 Blast Furnace
30:51 Fletching
32:08 Bodkin Arrow
33:16 Two-Man Saw
32:30 Padded Archer Armor
33:33 Chemistry
35:11 Leather Archer Armor
35:53 Coinage
35:34 Guilds
35:51 Bracer
35:49 Elite Skirmisher
35:50 Elite Genitour
36:39 Thumb Ring
36:00 Light Cavalry
36:16 Heavy Cavalry Archer
37:22 Parthian Tactics
38:29 Hussar
40:33 Caravan
The Sage
0:43 Loom
10:12 Feudal Age
10:56 Double-Bit Axe
15:30 Castle Age
14:00 Fishing Lines
14:50 Horse Collar
16:48 Bow Saw
26:09 Fletching
29:14 Wheelbarrow
28:24 Town Watch
28:36 Bodkin Arrow
32:06 Imperial Age
29:40 Gillnets
30:21 Masonry
34:51 Hand Cart
35:00 Siege Engineers
35:56 Chemistry
35:11 Siege Engineers
35:23 Onager
36:58 Fortified Wall
37:12 Drill
37:12 Conscription
36:33 Capped Ram
37:52 Siege Onager
39:33 Ballistics
38:50 Siege Ram
41:03 Hoardings
40:30 Padded Archer Armor
Dr. Kenzo Tenma
11:26 Feudal Age
14:07 Castle Age
13:13 Double-Bit Axe
13:10 Horse Collar
15:02 Bow Saw
14:57 Heavy Plow
22:59 Wheelbarrow
22:10 Loom
22:10 Town Watch
22:35 Gold Mining
24:45 Stone Mining
25:33 Gold Shaft Mining
28:28 Imperial Age
26:32 Hand Cart
26:59 Stone Shaft Mining
29:55 Crop Rotation
29:20 Elite Ballista Elephant
30:04 Double Crossbow
30:14 Siege Engineers
30:31 Ballistics
31:46 Conscription
32:26 Husbandry
32:37 Bloodlines
31:52 Light Cavalry
34:10 Fletching
34:25 Scale Barding Armor
34:01 Hussar
37:32 Chemistry
38:00 Coinage
37:49 Sappers
38:54 Hoardings
41:58 Masonry
Connection lost

Rejoining the realm…

Still unreachable

The connection could not be restored.

Session expired

The server has moved on; the page needs a fresh start.